 Dungeon Crawl Stone Soup version 0.22-a0-389-g8519d86 (webtiles) character file.

48 Iko the Ruffian (level 3, 0/30 (31) HPs)
             Began as a Ghoul Monk on Apr 30, 2018.
             Slain by a worm (9 damage)
             ... on level 2 of the Dungeon.
             The game lasted 00:40:22 (1753 turns).

Iko the Ruffian (Ghoul Monk)                        Turns: 1753, Time: 00:40:22

HP:   0/30 (31)     AC:  5    Str: 12 (14) XL:     3   Next: 72%
MP:   2/2           EV: 12    Int:  5 (6)  God:
Gold: 96            SH:  0    Dex:  8 (11) Spells: 2/2 levels left

rFire    x . .     SeeInvis .   h - +1 spear
rCold    + + .     Gourm    .   (no shield)
rNeg     + + +     Faith    .   p - +0 leather armour
rPois    ∞         Spirit   .   j - +0 helmet
rElec    .         Reflect  .   (no cloak)
rCorr    .         Harm     .   (no gloves)
MR       .....                  g - +0 pair of boots
Stlth    +.........             d - amulet of regeneration
HPRegen  0.00/turn              k - ring of ice
MPRegen  0.08/turn              (no ring)

@: rotting
A: rotting body, claws 1, carnivore, cold resistance 1, negative energy
resistance 3, inhibited regeneration, torment resistance, unbreathing
a: no special abilities


You were on level 2 of the Dungeon.
You were not hungry.

You visited 1 branch of the dungeon, and saw 2 of its levels.

You collected 96 gold pieces.

Inventory:

Hand Weapons
 b - a +0 hunting sling
 h - a +1 spear (weapon)
 i - a +0 dagger
 m - a +0 club
Missiles
 c - 14 bolts
 f - 57 stones (quivered)
 o - 19 sling bullets
Armour
 a - a +0 robe
 e - a +0 ring mail
 g - a +0 pair of boots (worn)
 j - a +0 helmet (worn)
 p - a +0 leather armour (worn)
Jewellery
 d - an amulet of regeneration (around neck)
 k - a ring of ice (left claw)
Potions
 r - 2 potions of heal wounds {unknown}
Comestibles
 q - 2 chunks of flesh


   Skills:
 + Level 3.6 Fighting
 + Level 0.4 Polearms
 + Level 0.8 Armour
 + Level 3.1 Dodging
 + Level 2.2 Stealth
 + Level 4.0 Unarmed Combat


You had 2 spell levels left.
You didn't know any spells.

Dungeon Overview and Level Annotations

Branches:
Dungeon (2/15)

Altars:

Annotations:
D:1 1
D:2 Y!


Innate Abilities, Weirdness & Mutations

Your body is rotting away.
You thrive on raw meat.
You are immune to poison.
You have sharp fingernails.
You are carnivorous and can eat meat at any time.
Your flesh is cold resistant. (rC+)
You are immune to negative energy. (rN+++)
You do not regenerate when monsters are visible.
You are immune to unholy pain and torment.
You can survive without breathing.


Message History

The worm is lightly wounded.
The worm barely misses you.
You hit the worm.
The worm is lightly wounded.
You barely miss the worm.
The worm is lightly wounded.
The worm bites you!
You hit the worm.
The worm is moderately wounded.
The worm barely misses you.
You hit the worm.
The worm is heavily wounded.
You hit the worm but do no damage.
The worm is heavily wounded.
The worm bites you.
* * * LOW HITPOINT WARNING * * *
You barely miss the worm.
The worm is heavily wounded.
The worm bites you!
You die...

#......#######
######......#.#.#.#
#...##.............
#...##....#.#.#.#.#
#...# #............
#...###...#.#.#.#.#
+...+.#............
#.w.#.###.#.#.#.#.#
#.@................
#.........#)#.#.#.#
####...............
#......#.#.#.#.#
#...............
#.....##.#.#.#.#
#.....#.........
#........#.#.#.#
#.....#.........


You could see a worm.

Vanquished Creatures
  An adder (D:2)
  A dart slug (D:2)
  3 leopard geckos (D:2)
  2 ball pythons (D:1)
  3 bats (D:1)
  2 goblins
  4 hobgoblins (D:1)
  3 jackals (D:1)
  A quokka (D:2)
  3 frilled lizards (D:1)
  2 kobolds (D:1)
  10 rats
35 creatures vanquished.

Notes
Turn   | Place    | Note
-------+----------+-------------------------------------------
     0 | D:1      | Iko the Ghoul Monk began the quest for the Orb.
     0 | D:1      | Reached XP level 1. HP: 19/19 MP: 0/0
   191 | D:1      | Reached XP level 2. HP: 26/26 MP: 1/1
   943 | D:1      | Reached XP level 3. HP: 30/30 MP: 2/2
  1705 | D:2      | Reached skill level 4 in Unarmed Combat
  1753 | D:2      | Slain by a worm

Vault maps used:
D:1:      matt_arrival_refuge, minmay_rat_gold_closets
D:2:      fedhas_altar_3, first_ration, kennysheep_crisscross, uniq_sigmund

Skill      XL: |  1  2  3 |
---------------+----------+-----
Dodging        | 3 |  3.1
Unarmed Combat | 4 |  4.0
Fighting       | |  3.6
Polearms       | |  0.4
Armour         | |  0.8
Stealth        | |  2.2

Action                   || total
-------------------------++-------
Melee: Unarmed           ||    35
       Punch             ||     3
       Spear             ||   107
       Hunting sling     ||     2
  Use: Scroll            ||     5
       Potion            ||     2
  Eat: Ration            ||     3
       Chunk             ||     3
Armor: Ring mail         ||    57
       Robe              ||     1
       Leather armour    ||     7
Dodge: Dodged            ||    98

Table legend:
 A = Spawn XP
 B = Non-spawn XP
 C = Spawn XP percentage of total XP
 D = Spawn monster count
 E = Non-spawn monster count
 F = Spawn count percentage of total count
 G = Total turns spent on level
                    A         B        C        D         E        F      G
               +---------+---------+-------+---------+---------+-------+---------
         Total |       0 |      69 |   0.0 |       0 |      35 |   0.0 |  1753
               +---------+---------+-------+---------+---------+-------+---------
           D:1 |       0 |      38 |   0.0 |       0 |      27 |   0.0 |  1536
           D:2 |       0 |      31 |   0.0 |       0 |       8 |   0.0 |   217
               +---------+---------+-------+---------+---------+-------+---------
